 Dungeon Crawl Stone Soup version 0.15-a0-1081-gb32516e (webtiles) character file.

511 tooterfish the Jinx (level 6, -2/46 HPs)
             Began as a Vampire Enchanter on May 28, 2014.
             Slain by a worker ant (6 damage)
             ... on Level 4 of the Dungeon.
             The game lasted 00:22:15 (4297 turns).

tooterfish the Jinx (Vampire Enchanter)             Turns: 4297, Time: 00:22:16

HP  -2/46        AC  3     Str  7      XL: 6   Next: 99%
MP   1/10        EV 13     Int 17      God:
Gold 86          SH  0     Dex 16      Spells:  3 memorised,  3 levels left

rFire  . . .     SeeInvis +     n - +2,+1 dagger (venom)
rCold  + + .     Clarity  .     b - +1 robe
rNeg   + + +     Conserve .     (no shield)
rPois  +         rCorr    .     (no helmet)
rElec  .         rRot     +     (no cloak)
SustAb .         Spirit   .     (no gloves)
rMut   .         Warding  .     (no boots)
Gourm  .         Stasis   .     (no amulet)
MR     .....                    (no ring)
                                s - cursed ring of wizardry

@: bloodless, non-regenerating, not resistant to hostile enchantments, stealthy
A: bottle blood, fangs 3, see invisible, unbreathing
a: Bat Form, Bottle Blood


You were on level 4 of the Dungeon.
You were bloodless.

You visited 1 branch of the dungeon, and saw 4 of its levels.

You collected 86 gold pieces.

Inventory:

Hand weapons
 a - a +1,+1 dagger
 g - a +0,+0 spear
 n - a +2,+1 dagger of venom (weapon)
 x - a +0 blowgun
 z - a +0,+0 dagger of speed
Missiles
 d - 23 darts (quivered)
 h - 11 steel darts
 m - 19 poisoned needles
Armour
 b - a +1 robe (worn)
 e - a +0 leather armour
 q - a cursed -1 leather armour
 y - a +0 robe
 B - a +0 leather armour
Magical devices
 v - a wand of slowing (8)
Scrolls
 j - 5 scrolls of identify {unknown}
 k - 5 scrolls of remove curse {unknown}
 p - a scroll of fog {unknown}
 u - 2 scrolls of random uselessness {unknown}
 A - a scroll of teleportation {unknown}
 C - 2 scrolls of blinking {unknown}
Jewellery
 o - an uncursed amulet of rage
 s - a cursed ring of wizardry (left hand)
 E - an uncursed ring of protection from magic {unknown}
Potions
 f - 5 potions of curing {unknown}
 l - a potion of brilliance {unknown}
 r - a potion of mutation {unknown}
 t - 4 potions of heal wounds {unknown}
 w - 2 potions of haste {unknown}
 D - a potion of agility {unknown}
Books
 c - a book of Maledictions

   Spells                             Type                      Level
   *Corona                            Hexes                        1
   Sure Blade                         Hexes/Charms                 2
   *Ensorcelled Hibernation           Hexes/Ice                    2
   *Confuse                           Hexes                        3
   Dazzling Spray                     Conjuration/Hexes            3
   Enslavement                        Hexes                        4
 i - a book of Wizardry

   Spells                             Type                      Level
   Agony                              Necromancy                   5
   Force Lance                        Conjuration                  5
   Dispersal                          Translocation                6
   Haste                              Charms                       6
   Invisibility                       Hexes                        6
   Spellforged Servitor               Conjuration/Summoning        7


   Skills:
 + Level 2.5 Fighting
 + Level 3.7 Short Blades
 - Level 0.7 Throwing
 - Level 2.1 Dodging
 + Level 5.7 Stealth
 - Level 2.0 Spellcasting
 - Level 8.1 Hexes


You had 3 spell levels left.
You knew the following spells:

 Your Spells              Type           Power        Failure   Level  Hunger
a - Ensorcelled Hibernat  Hex/Ice        ###...       2%          2    ###....
b - Confuse               Hex            ####....     1%          3    ####...
c - Corona                Hex            ####...      1%          1    #......


Dungeon Overview and Level Annotations

Branches:
Dungeon (4/15)
 Temple: D:4-7

Altars:
Ashenzari
Dithmenos
Makhleb
Qazlal


Innate Abilities, Weirdness & Mutations

You do not heal naturally.
You can bottle blood from corpses.
You have razor-sharp teeth.*
You have supernaturally acute eyesight.
You can survive without breathing.*


Message History

A giant newt comes into view.
Casting: Ensorcelled Hibernation
Confirm with . or Enter, or press ? or * to list all spells.
Aiming: Confuse
Press: ? - help, Shift-Dir - straight line, f/p - worker ant
Aim: a worker ant The worker ant struggles to resist.
The worker ant bites you.
* * * LOW HITPOINT WARNING * * *
Use which ability? (? or * to list)
You don't have enough magic at the moment.
The giant newt bites you.
* * * LOW HITPOINT WARNING * * *
The worker ant closely misses you. The worker ant closely misses you.
The kobold hits you with a short sword.
* * * LOW HITPOINT WARNING * * *
The giant newt hisses menacingly.
The worker ant barely misses you. The worker ant bites you.
You die...

#### ...# #
...##############################
.......(........@a.l.K.........%.
...######..)..#.#######......####
...# #.....#<....# #.........#
...# #.....).....# #.........#
#########.....#.....###.........#
................................#
#########.....#.......######....#
.# #.....#.###.### #..... .#
#######.# #.# #.....


You could see a worker ant, a kobold and a giant newt.

Vanquished Creatures
  Grinder (D:3)
  The ghost of Che the Insei, an average OpMo (D:4)
  An orc wizard (D:3)
  A worker ant (D:4)
  Terence (D:3)
  3 adders (D:2)
  An inept item mimic (D:2)
  4 worms
  4 giant geckos
  2 oozes (D:3)
  5 orcs
  11 bats
  7 hobgoblins
  11 jackals
  3 quokkas
  4 giant cockroaches
  5 giant newts
  7 goblins
  6 kobolds
  6 rats
84 creatures vanquished.

Notes
Turn   | Place    | Note
--------------------------------------------------------------
     0 | D:1      | tooterfish, the Vampire Enchanter, began the quest for the Orb.
     0 | D:1      | Reached XP level 1. HP: 13/13 MP: 3/3
   279 | D:1      | Reached skill level 5 in Hexes
   389 | D:1      | Reached XP level 2. HP: 16/19 MP: 2/4
   393 | D:1      | Learned a level 2 spell: Ensorcelled Hibernation
  1322 | D:2      | Reached skill level 6 in Hexes
  1322 | D:2      | Reached XP level 3. HP: 24/24 MP: 3/6
  1356 | D:2      | Learned a level 3 spell: Confuse
  1797 | D:2      | Found a stormy altar of Qazlal.
  2068 | D:2      | Reached skill level 7 in Hexes
  2166 | D:2      | Reached XP level 4. HP: 30/30 MP: 4/7
  2179 | D:2      | Found a shadowy altar of Dithmenos.
  3072 | D:3      | Found a burning altar of Makhleb.
  3074 | D:3      | Noticed Terence
  3079 | D:3      | Killed Terence
  3079 | D:3      | Reached skill level 8 in Hexes
  3258 | D:3      | Reached XP level 5. HP: 29/36 MP: 1/9
  3393 | D:3      | Noticed Grinder
  3801 | D:3      | Killed Grinder
  3801 | D:3      | Reached skill level 5 in Stealth
  3801 | D:3      | Reached XP level 6. HP: 27/44 MP: 7/10
  4025 | D:4      | Noticed Che's ghost (average OpMo)
  4048 | D:4      | Killed Che's ghost
  4159 | D:4      | Found a shattered altar of Ashenzari.
  4297 | D:4      | Slain by a worker ant

Action                   |  1- 3 |  4- 6 || total
-------------------------+-------+-------++-------
Melee: Dagger            |    94 |    96 ||   190
Throw: Dart              |       |     4 ||     4
 Cast: Corona            |     6 |       ||     6
       Ensorcelled Hiber |    33 |    37 ||    70
       Confuse           |     3 |    10 ||    13
 Abil: End Transformatio |     1 |       ||     1
       Bat Form          |     1 |       ||     1
Evoke: Wand              |       |     1 ||     1
 Stab: Sleeping          |    20 |    32 ||    52
       Confused          |     1 |    10 ||    11
